PAA
LANNISTER UNITED LIONHEARTS @ MYRTLE BEACH MERMEN
09/14/2029
 
TOP OF THE 1ST
Lannister United Lionhearts batting - Pitching for Myrtle Beach Mermen : RHP Tony Alfonso
Pitching: RHP Tony Alfonso
Batting: RHB Juan López 0-0: Ball
1-0: Ball
2-0: Called Strike
2-1: Foul Ball, location: 2F
2-2: Strikes out swinging
Batting: LHB Ramón García 0-0: Ball
1-0: Ground out 4-3 (Groundball, 4MD)
Batting: LHB Juan Macíel 0-0: Ground out 4-3 (Groundball, 4)
Top of the 1st over - 0 runs, 0 hits, 0 errors, 0 left on base; Lannister United 0 - Myrtle Beach 0
BOTTOM OF THE 1ST
Myrtle Beach Mermen batting - Pitching for Lannister United Lionhearts : LHP Earl Farley
Pitching: LHP Earl Farley
Batting: LHB Ramón Flores 0-0: Foul Ball, location: 2F
0-1: Ground out 6-3 (Groundball, 6)
Batting: RHB Éric Leroux 0-0: Called Strike
0-1: Ball
1-1: Fly out, F8 (Flyball, 8LS)
Batting: RHB Sergio Pérez 0-0: Ball
1-0: Ball
2-0: Ball
3-0: Base on Balls
Batting: RHB Maik Palen 0-0: Ball
1-0: Called Strike
1-1: Ball
2-1: Foul Ball, location: 2F
2-2: SINGLE (Groundball, 2L) (infield hit)
Sergio Pérez to second
Batting: RHB John O'Neil 0-0: Foul Ball, location: 2F
0-1: SINGLE (Line Drive, 4D)
Sergio Pérez to third
Maik Palen to second
Batting: LHB Shigenobu Ohayashi 0-0: Ball
1-0: Fly out, F9 (Flyball, 9S)
Bottom of the 1st over - 0 runs, 2 hits, 0 errors, 3 left on base; Lannister United 0 - Myrtle Beach 0
TOP OF THE 2ND
Lannister United Lionhearts batting - Pitching for Myrtle Beach Mermen : RHP Tony Alfonso
Batting: RHB Mareka Naidoo 0-0: Ball
1-0: Ball
2-0: Foul Ball, location: 2F
2-1: Ball
3-1: Swinging Strike
3-2: Base on Balls
Batting: LHB Sting Ray Robb 0-0: Fly out, F9 (Flyball, 9LS)
Batting: RHB Carlos Pacheco 0-0: Called Strike
0-1: Ball
1-1: Foul Ball, location: 2F
1-2: Foul Ball, location: 2F
1-2: Ground out 4-3 (Groundball, 4S)
Mareka Naidoo to second
Batting: RHB Howard Barton 0-0: Fly out, F9 (Flyball, 89D)
Top of the 2nd over - 0 runs, 0 hits, 0 errors, 1 left on base; Lannister United 0 - Myrtle Beach 0
BOTTOM OF THE 2ND
Myrtle Beach Mermen batting - Pitching for Lannister United Lionhearts : LHP Earl Farley
Batting: RHB Elijah Seymour 0-0: SINGLE (Groundball, 6MD)
Batting: RHB Landon Edwards 0-0: Called Strike
0-1: Swinging Strike
0-2: Foul Ball, location: 2F
0-2: Fly out, F8 (Flyball, 8RM)
Batting: RHB David Meléndez 0-0: Ball
Wild Pitch!
Elijah Seymour to second
1-0: Ball
2-0: Fly out, F8 (Flyball, 8LS)
Batting: LHB Ramón Flores 0-0: Foul Ball, location: 2F
0-1: Called Strike
0-2: Ball
1-2: Ball
2-2: Strikes out swinging
Bottom of the 2nd over - 0 runs, 1 hit, 0 errors, 1 left on base; Lannister United 0 - Myrtle Beach 0
TOP OF THE 3RD
Lannister United Lionhearts batting - Pitching for Myrtle Beach Mermen : RHP Tony Alfonso
Batting: RHB Breanainn Swartwood 0-0: Fly out, F9 (Flyball, 9)
Batting: RHB José García 0-0: Ball
1-0: Ground out U3 (Groundball, 3L)
Batting: RHB Juan López 0-0: Called Strike
0-1: Foul Ball, location: 2F
0-2: Strikes out swinging
Top of the 3rd over - 0 runs, 0 hits, 0 errors, 0 left on base; Lannister United 0 - Myrtle Beach 0
BOTTOM OF THE 3RD
Myrtle Beach Mermen batting - Pitching for Lannister United Lionhearts : LHP Earl Farley
Batting: RHB Éric Leroux 0-0: Called Strike
0-1: Ball
1-1: Ball
2-1: Called Strike
2-2: Foul Ball, location: 2F
2-2: Ball
3-2: Foul Ball, location: 2F
3-2: Ground out 5-3 (Groundball, 56S)
Batting: RHB Sergio Pérez 0-0: Foul Ball, location: 2F
0-1: Ball
1-1: SINGLE (Groundball, 3D)
Batting: RHB Maik Palen 0-0: SINGLE (Groundball, 6MD)
Sergio Pérez to second
Runner from 2nd tries for 3rd, OUT!
Batting: RHB John O'Neil 0-0: Called Strike
0-1: Foul Ball, location: 2F
0-2: Strikes out swinging
Bottom of the 3rd over - 0 runs, 2 hits, 0 errors, 1 left on base; Lannister United 0 - Myrtle Beach 0
TOP OF THE 4TH
Lannister United Lionhearts batting - Pitching for Myrtle Beach Mermen : RHP Tony Alfonso
Batting: LHB Ramón García 0-0: Ball
1-0: Fly out, F8 (Flyball, 8RD)
Batting: LHB Juan Macíel 0-0: Foul Ball, location: 2F
0-1: Ball
1-1: Ball
2-1: Ground out 5-3 (Groundball, 5L)
Batting: RHB Mareka Naidoo 0-0: Foul Ball, location: 2F
0-1: Foul Ball, location: 2F
0-2: Foul Ball, location: 2F
0-2: Ball
1-2: Strikes out swinging
Top of the 4th over - 0 runs, 0 hits, 0 errors, 0 left on base; Lannister United 0 - Myrtle Beach 0
BOTTOM OF THE 4TH
Myrtle Beach Mermen batting - Pitching for Lannister United Lionhearts : LHP Earl Farley
Batting: LHB Shigenobu Ohayashi 0-0: Called Strike
0-1: Fly out, F9 (Flyball, 89M)
Batting: RHB Elijah Seymour 0-0: Ball
1-0: Ball
2-0: Called Strike
2-1: Ground out 5-3 (Groundball, 56)
Batting: RHB Landon Edwards 0-0: Foul Ball, location: 2F
0-1: Ball
1-1: Called Strike
1-2: Foul Ball, location: 2F
1-2: Ball
2-2: Foul Ball, location: 2F
2-2: Foul Ball, location: 2F
2-2: Foul Ball, location: 2F
2-2: Strikes out swinging
Bottom of the 4th over - 0 runs, 0 hits, 0 errors, 0 left on base; Lannister United 0 - Myrtle Beach 0
TOP OF THE 5TH
Lannister United Lionhearts batting - Pitching for Myrtle Beach Mermen : RHP Tony Alfonso
Batting: LHB Sting Ray Robb 0-0: Swinging Strike
0-1: Foul Ball, location: 2F
0-2: Ball
1-2: Foul Ball, location: 2F
1-2: Strikes out swinging
Batting: RHB Carlos Pacheco 0-0: Called Strike
0-1: Ball
1-1: SINGLE (Groundball, 56D)
Batting: RHB Howard Barton 0-0: Ball
1-0: Ball
2-0: Swinging Strike
2-1: Foul Ball, location: 2F
2-2: Foul Ball, location: 2F
2-2: Grounds into double play, 4-6-3 (Groundball, 4)
Top of the 5th over - 0 runs, 1 hit, 0 errors, 0 left on base; Lannister United 0 - Myrtle Beach 0
BOTTOM OF THE 5TH
Myrtle Beach Mermen batting - Pitching for Lannister United Lionhearts : LHP Earl Farley
Batting: RHB David Meléndez 0-0: DOUBLE (Line Drive, 89D)
Batting: LHB Ramón Flores 0-0: Called Strike
0-1: Fly out, F7 (Flyball, 78M)
Batting: RHB Éric Leroux 0-0: Called Strike
0-1: Ball
1-1: Ball
2-1: Ball
3-1: Base on Balls
Batting: RHB Sergio Pérez 0-0: Ball
1-0: Foul Ball, location: 2F
1-1: Ball
Wild Pitch!
David Meléndez to third
Éric Leroux to second
2-1: Foul Ball, location: 2F
2-2: Ball
3-2: Base on Balls
Batting: RHB Maik Palen 0-0: Foul Ball, location: 2F
0-1: Grounds into fielders choice 6-2 (Groundball, 6)
Éric Leroux to third
Sergio Pérez to second
Batting: RHB John O'Neil 0-0: Ball
1-0: Ball
2-0: Swinging Strike
2-1: Ball
3-1: Swinging Strike
3-2: Base on Balls
Éric Leroux scores
Sergio Pérez to third
Maik Palen to second
Batting: LHB Shigenobu Ohayashi 0-0: SINGLE (Flyball, 89S)
Sergio Pérez scores
Maik Palen to third
John O'Neil to second
Batting: RHB Elijah Seymour 0-0: Called Strike
0-1: Swinging Strike
0-2: Foul Ball, location: 2F
0-2: Ball
1-2: SINGLE (Flyball, 89S)
Maik Palen scores
John O'Neil to third
Shigenobu Ohayashi to second
Runner from 3rd tries for Home, SAFE, throw made home
Batting: RHB Landon Edwards 0-0: Fly out, F9 (Flyball, 9LS)
Bottom of the 5th over - 4 runs, 3 hits, 0 errors, 2 left on base; Lannister United 0 - Myrtle Beach 4
TOP OF THE 6TH
Lannister United Lionhearts batting - Pitching for Myrtle Beach Mermen : RHP Tony Alfonso
Batting: RHB Breanainn Swartwood 0-0: Ball
1-0: Ball
2-0: Ball
3-0: Called Strike
3-1: Ground out U3 (Groundball, 34D)
Batting: RHB José García 0-0: Ball
1-0: Foul Ball, location: 2F
1-1: Ball
2-1: Foul Ball, location: 2F
2-2: SINGLE (Line Drive, 4D)
Batting: RHB Juan López 0-0: Ball
1-0: Called Strike
1-1: Ball
2-1: Swinging Strike
2-2: Strikes out swinging
Batting: LHB Ramón García 0-0: Called Strike
0-1: SINGLE (Groundball, 34D)
José García to second
Runner from 2nd tries for 3rd, SAFE, no throw
Batting: LHB Juan Macíel 0-0: Fly out, F9 (Flyball, 9LM)
Top of the 6th over - 0 runs, 2 hits, 0 errors, 2 left on base; Lannister United 0 - Myrtle Beach 4
BOTTOM OF THE 6TH
Myrtle Beach Mermen batting - Pitching for Lannister United Lionhearts : LHP Earl Farley
Batting: RHB David Meléndez 0-0: Ball
1-0: Ball
2-0: SINGLE (Groundball, 6MD)
Batting: LHB Ramón Flores 0-0: Called Strike
0-1: Sac Bunt - play at second, runner OUT! 1-6
Batting: RHB Éric Leroux 0-0: Called Strike
0-1: Swinging Strike
0-2: Ball
Ramón Flores steals 2nd base
1-2: Ball
2-2: Ball
3-2: Foul Ball, location: 2F
3-2: Base on Balls
Batting: RHB Sergio Pérez 0-0: Ball
1-0: Called Strike
Balk!
Ramón Flores to third
Éric Leroux to second
1-1: Swinging Strike
1-2: Ball
2-2: Ball
3-2: Strikes out swinging
Pitching: LHP Won-min Yi
Batting: RHB Maik Palen 0-0: SINGLE (Groundball, 6MD)
Ramón Flores scores
Éric Leroux to third
Runner from 3rd tries for Home, throw and OUT!
Bottom of the 6th over - 1 run, 2 hits, 0 errors, 1 left on base; Lannister United 0 - Myrtle Beach 5
TOP OF THE 7TH
Lannister United Lionhearts batting - Pitching for Myrtle Beach Mermen : RHP Tony Alfonso
Batting: RHB Mareka Naidoo 0-0: Ball
1-0: Called Strike
1-1: Ball
2-1: Ball
3-1: Base on Balls
Batting: LHB Sting Ray Robb 0-0: Ball
1-0: Swinging Strike
1-1: Ball
2-1: Ground out 4-3 (Groundball, 34)
Mareka Naidoo to second
Batting: RHB Carlos Pacheco 0-0: Fly out, F8 (Line Drive, 8RD)
Batting: RHB Howard Barton 0-0: Ball
1-0: Foul Ball, location: 2F
1-1: Swinging Strike
1-2: Strikes out swinging
Top of the 7th over - 0 runs, 0 hits, 0 errors, 1 left on base; Lannister United 0 - Myrtle Beach 5
BOTTOM OF THE 7TH
Myrtle Beach Mermen batting - Pitching for Lannister United Lionhearts : LHP Won-min Yi
Batting: RHB John O'Neil 0-0: Ball
1-0: Ball
2-0: Ball
3-0: Called Strike
3-1: Base on Balls
Batting: LHB Shigenobu Ohayashi 0-0: Ball
1-0: Ball
2-0: Ball
3-0: Called Strike
3-1: Called Strike
3-2: Base on Balls
John O'Neil to second
Batting: RHB Elijah Seymour 0-0: Ball
1-0: Ball
2-0: Grounds into double play, 6-4-3 (Groundball, 6)
John O'Neil to third
Batting: RHB Landon Edwards 0-0: Foul Ball, location: 2F
0-1: Foul Ball, location: 2F
0-2: Strikes out swinging
Bottom of the 7th over - 0 runs, 0 hits, 0 errors, 1 left on base; Lannister United 0 - Myrtle Beach 5
TOP OF THE 8TH
Lannister United Lionhearts batting - Pitching for Myrtle Beach Mermen : RHP Tony Alfonso
Batting: RHB Breanainn Swartwood 0-0: Swinging Strike
0-1: Swinging Strike
0-2: Ball
1-2: Ball
2-2: Ball
3-2: Strikes out swinging
Batting: RHB José García 0-0: Ball
1-0: TRIPLE (Flyball, 89XD)
Batting: RHB Juan López 0-0: Called Strike
0-1: Ball
1-1: Called Strike
1-2: Ball
2-2: Strikes out swinging
Batting: LHB Ramón García 0-0: Fly out, F9 (Flyball, 9LS)
Top of the 8th over - 0 runs, 1 hit, 0 errors, 1 left on base; Lannister United 0 - Myrtle Beach 5
BOTTOM OF THE 8TH
Myrtle Beach Mermen batting - Pitching for Lannister United Lionhearts : LHP Won-min Yi
Batting: RHB David Meléndez 0-0: Ball
1-0: Foul Ball, location: 2F
1-1: Ball
2-1: Foul Ball, location: 2F
2-2: Ball
3-2: Ground out 5-3 (Groundball, 56)
Batting: LHB Ramón Flores 0-0: Ball
1-0: Foul Ball, location: 2F
1-1: Fly out, F5 (Line Drive, 5)
Batting: RHB Éric Leroux 0-0: Called Strike
0-1: Foul Ball, location: 2F
0-2: Ground out 5-3 (Groundball, 56)
Bottom of the 8th over - 0 runs, 0 hits, 0 errors, 0 left on base; Lannister United 0 - Myrtle Beach 5
TOP OF THE 9TH
Lannister United Lionhearts batting - Pitching for Myrtle Beach Mermen : RHP Tony Alfonso
Now at 1B: Philip Strickland
Batting: LHB Juan Macíel 0-0: SINGLE (Line Drive, 89S)
Batting: RHB Mareka Naidoo 0-0: Grounds into double play, 4-6-3 (Groundball, 4D)
Batting: LHB Sting Ray Robb 0-0: Called Strike
0-1: Ball
1-1: Foul Ball, location: 2F
1-2: Fly out, F9 (Flyball, 9S)
Top of the 9th over - 0 runs, 1 hit, 0 errors, 0 left on base; Lannister United 0 - Myrtle Beach 5
Tuesday, December 19th, 2017 - OOTP Baseball 18.8 Build 76